cohdb
Replays
Latest Replays
All Replays
Popular Replays
Top Player Replays
Match Explorer
How It Works
Community
CoH3 Stats
Reddit
Sign in to upload your games and track your stats! →
Sign in with Steam
Match 42967564
Unlisted
Match 42967564
Overview
Messages
Build Orders
End
Construct Infanterie Kompanie
Pioneer Squad
Kettenkrad Recon Vehicle
Selects Breakthrough Battlegroup
Selects Assault Grenadiers
Grenadier Squad
Grenadier Squad
MG 42 Machine Gun Team
Medical Station
Construct Luftwaffe Kompanie
MG 42 Machine Gun Team
221 Scout Car
MG 42 Machine Gun Team
Jäger Squad
Selects Breakthrough
Selects Incendiary Bombing Run
Selects Rapid Production
Construct Panzergrenadier Kompanie
Construct Panzergrenadier Kompanie
Pak 40 Anti-tank Gun Team
Support Elements
Wirbelwind Flakpanzer
Grenadier Squad
Selects Blitzkrieg
Selects Panzer IV Command Tank Sd.Kfz. 161/1
urhtome
Trion
0
0
Comments
sign in to comment!
No comments posted yet!